 Dungeon Crawl Stone Soup version 0.31-a0-145-g046c7d2549 (webtiles) character file.

Game seed: 3288406218142265659

4256 hikkokomori the Trooper (level 9, -2/79 HPs)
             Began as a Demigod Fighter on June 7, 2023.
             Slain by a large abomination (24 damage)
             ... on level 2 of the Abyss.
             The game lasted 00:13:53 (7653 turns).

hikkokomori the Trooper (Demigod Fighter)           Turns: 7653, Time: 00:13:54

Health: -2/79      AC: 20    Str: 25    XL:     9   Next: 84%
Magic:  11/11      EV:  6    Int: 20    God:
Gold:   449        SH:  6    Dex: 17    Spells: 6/8 levels left

rFire   x . .        a - +1 war axe (spect)
rCold   + . .        c - +0 buckler
rNeg    . . .        w - +0 plate armour
rPois   .            i - +5 helmet of Zummo {rElec Dex+4}
rElec   +            B - +0 cloak
rCorr   .            (no gloves)
SInv    .            (no boots)
Will    .....        (no amulet) Stlth
                     q - +6 ring of intelligence
HPRegen 0.33/turn    k - ring of ice
MPRegen 0.12/turn

%: no passive effects
@: no status effects
A: high MP 1, forlorn, divine attributes
a: no special abilities


You were on level 2 of the Abyss.
You visited 1 branch of the dungeon, and saw 9 of its levels.
You visited the Abyss 1 time.

You collected 449 gold pieces.

Inventory:

Hand Weapons
 a - a +1 spectral war axe (weapon)
 t - a +2 trident of venom
 y - a +0 antimagic hand axe
Missiles
 z - a curare-tipped dart (quivered)
Armour
 b - a +0 scale mail
 c - a +0 buckler (worn)
 i - the +5 helmet of Zummo (worn) {rElec Dex+4}
   (You found it on level 2 of the Dungeon)

   Dex:       It affects your dexterity (+4).
   rElec:     It insulates you from electricity.
 n - the +1 robe "Itipuf" {rCorr Str+9 Dex-5}
   (You found it on level 4 of the Dungeon)

   Str:       It affects your strength (+9).
   Dex:       It affects your dexterity (-5).
   rCorr:     It protects you from acid and corrosion.
 w - a +0 plate armour (worn)
 B - a +0 cloak (worn)
Jewellery
 k - a ring of ice (right hand)
 q - a +6 ring of intelligence (left hand)
Wands
 d - a wand of paralysis (3)
 x - a wand of quicksilver (1)
Scrolls
 g - 3 scrolls of fear
 p - a scroll of immolation
 r - a scroll of magic mapping
Potions
 f - a potion of lignification
 h - a potion of heal wounds
 l - 4 potions of curing
 m - 2 potions of attraction


   Skills:
 + Level 7.3 Fighting
 + Level 6.9 Axes
 + Level 5.8 Armour
 - Level 5.0 Shields
 + Level 3.1 Transmutations
 + Level 5.6 Evocations


You had 6 spell levels left.
You knew the following spells:

 Your Spells              Type           Power      Damage    Failure   Level
a - Wereblood             Tmut           12%        N/A       77%         2

Your spell library contained the following spells:

 Spells                   Type           Power      Damage    Failure   Level
 Passwall                 Tmut/Erth      5%         N/A       94%         2
 Ensorcelled Hibernation  Hex/Ice        0%         N/A       99%         2
 Sublimation of Blood     Necr           0%         N/A       99%         2
 Swiftness                Air            0%         N/A       100%        3
 Anguish                  Hex/Necr       0%         N/A       100%        4
 Cause Fear               Hex            0%         N/A       100%        4
 Petrify                  Tmut/Erth      6%         N/A       100%        4
 Irradiate                Conj/Tmut      3%         3d12      100%        5
 Enfeeble                 Hex            0%         N/A       100%        7
 Summon Hydra             Summ           0%         N/A       100%        7


Dungeon Overview and Level Annotations

Branches:
Dungeon (9/15)             Temple (0/1) D:7
   Lair: D:8-11         Orc: D:9-12


Innate Abilities, Weirdness & Mutations

You have an increased reservoir of magic. (+10% MP)
You shall have no god before yourself.
Your divine heritage dramatically boosts your attributes as you level up.


Message History

You block the large abomination's attack.
Unknown command.
You hit the large abomination but do no damage.
The large abomination is moderately damaged.
Your +1 spectral war axe hits the large abomination but does no damage.
The large abomination barely misses you.
The large abomination hits you!
Unknown command.
You hit the large abomination but do no damage.
The large abomination is moderately damaged.
Your +1 spectral war axe hits the large abomination!
You block the large abomination's attack.
Unknown command.
You hit the large abomination but do no damage.
The large abomination is heavily damaged.
Your +1 spectral war axe hits the large abomination.
The large abomination hits you!
* * * LOW HITPOINT WARNING * * *
Unknown command.
You feel much better.
Your +1 spectral war axe disappears.
You block the large abomination's attack.
You hit the large abomination.
The large abomination is heavily damaged.
Your +1 spectral war axe hits the large abomination.
The large abomination misses your +1 spectral war axe.
The large abomination hits your +1 spectral war axe!!
Your spectral weapon shares its damage with you!
* * * LOW HITPOINT WARNING * * *
You hit the large abomination.
The large abomination is severely damaged.
Your +1 spectral war axe hits the large abomination!
The large abomination hits you but does no damage.
Unknown command.
You barely miss the large abomination.
The large abomination is almost destroyed.
Your +1 spectral war axe barely misses the large abomination.
The large abomination closely misses you.
The large abomination hits you!!
You die...

.
####
# #@#
..
#.(X#
#.###
##


You could see a large abomination and a friendly +1 spectral war axe.

Vanquished Creatures
  A two-headed ogre (D:7)
  A worldbinder (Abyss:2)
  A troll (D:8)
  A shadow (D:8)
  A steam dragon (D:7)
  An acid dragon (D:8)
  A small abomination (Abyss:2)
  A black bear (D:5)
  4 orc warriors
  An ice beast (D:5)
  2 ogres
  2 centaurs
  2 phantoms
  Blork the orc (D:6)
  A kobold brigand (D:6)
  4 bullfrogs
  3 gnoll sergeants
  A scorpion (D:5)
  2 killer bees (D:8)
  4 howler monkeys
  2 orc priests (D:6)
  3 hounds
  2 jellies
  A gnoll bouda (D:8)
  3 iguanas
  Terence (D:3)
  2 orc wizards
  2 sleepcaps
  9 gnolls
  6 adders
  A shadow imp (D:6)
  2 white imps
  3 worms (D:2)
  2 dart slugs
  20 orcs
  4 ball pythons
  6 endoplasms
  3 giant cockroaches
  17 goblins
  8 hobgoblins
  20 jackals
  3 quokkas
  7 bats
  A frilled lizard (D:2)
  13 kobolds
  3 rats
179 creatures vanquished.

Notes
Turn   | Place    | Note
-------+----------+-------------------------------------------
     0 | D:1      | hikkokomori the Demigod Fighter began the quest for the
                  | Orb.
     0 | D:1      | Reached XP level 1. HP: 18/18 MP: 3/3
     7 | D:1      | Noticed a swamp drake
     7 | D:1      | Noticed a black bear
     7 | D:1      | Noticed a salamander
     8 | D:1      | Noticed a komodo dragon
     8 | D:1      | Noticed a wolf
    61 | D:1      | Reached XP level 2. HP: 12/25 MP: 4/4
   202 | D:1      | Reached skill level 3 in Fighting
   300 | D:1      | Reached XP level 3. HP: 25/31 MP: 5/5
   887 | D:2      | Identified the +5 helmet of Zummo {rElec Dex+4}
  1137 | D:2      | You fall into a shaft and drop 2 floors!
  1171 | D:4      | Reached XP level 4. HP: 38/38 MP: 6/6
  1398 | D:4      | Noticed a phantom
  1439 | D:4      | Killed a phantom
  1440 | D:4      | Reached skill level 4 in Fighting
  1440 | D:4      | Reached XP level 5. HP: 41/46 MP: 7/7
  1751 | D:4      | Identified the +1 robe "Itipuf" {rCorr Str+9 Dex-5}
  1885 | D:4      | Noticed an ogre
  1897 | D:4      | Killed an ogre
  1898 | D:4      | Reached XP level 6. HP: 17/53 MP: 8/8
  2243 | D:5      | Entered Level 5 of the Dungeon
  2720 | D:3      | Noticed Terence
  2731 | D:3      | Killed Terence
  2732 | D:3      | Reached skill level 1 in Evocations
  3486 | D:5      | Reached XP level 7. HP: 48/60 MP: 9/9
  3866 | D:5      | Reached skill level 5 in Fighting
  3866 | D:5      | Reached skill level 5 in Shields
  4323 | D:5      | Reached skill level 5 in Axes
  4791 | D:5      | Reached XP level 8. HP: 69/69 MP: 10/10
  5316 | D:6      | Reached skill level 6 in Fighting
  5876 | D:6      | Noticed Blork the orc
  5892 | D:6      | Killed Blork the orc
  6278 | D:7      | Learned a level 2 spell: Wereblood
  6278 | D:7      | Found a staircase to the Ecumenical Temple.
  6528 | D:7      | Reached XP level 9. HP: 39/78 MP: 11/11
  6680 | D:7      | Noticed a two-headed ogre
  6697 | D:7      | Killed a two-headed ogre
  6698 | D:7      | Reached skill level 5 in Armour
  6698 | D:7      | Reached skill level 1 in Transmutations
  6892 | D:8      | Reached skill level 5 in Evocations
  6931 | D:8      | Reached skill level 7 in Fighting
  7171 | D:8      | Noticed a boulder beetle
  7401 | D:9      | Noticed a wizard
  7412 | Abyss:2  | Cast into level 2 of the Abyss (a wizard)
  7450 | Abyss:2  | Noticed a tentacled starspawn
  7451 | Abyss:2  | Noticed a dread lich
  7543 | Abyss:2  | Noticed a worldbinder
  7546 | Abyss:2  | Noticed a bog body
  7546 | Abyss:2  | Noticed a goliath frog
  7551 | Abyss:2  | Killed a worldbinder
  7644 | Abyss:2  | Noticed a large abomination
  7653 | Abyss:2  | Slain by a large abomination

Illustrated notes

Levels and vault maps discovered:
D:1:      onia_arrival_zoo_common, layout_rooms,
          shapermc_ecumenical_altar_petra, st_stairs_12
D:2:      layout_basic, basic_altar
D:3:      layout_loops_cross, mainiacjoe_overflow_divided_tiny, uniq_terence
D:4:      layout_basic, eat_drink_and_be_merry_uskayaw, chequers_arboretum,
          minivault_27, minmay_strange_pillars, minmay_ogre_servants
D:5:      layout_loops_corners, nicolae_grassy_gnolls
D:6:      layout_loops_ring, uniq_blork_the_orc
D:7:      layout_rooms, minmay_temple_entry_slanted, minmay_statues_item
D:8:      minmay_the_grid_plus [minmay_the_grid_pillar_ring,
          minmay_the_grid_spin_star, minmay_the_grid_mess,
          minmay_the_grid_embedded, minmay_the_grid_prize_big_room],
          layout_cave_pools
D:9:      minmay_diamond_stairs, layout_gridville, lemuel_blue_sif_altar,
          gammafunk_ghost_split, serial_shops, shop
Abyss:2:  base: Temple, base: D:8, hangedman_relentless_pull

Skill      XL: |  1  2  3  4  5  6  7  8  9 |
---------------+----------------------------+-----
Axes           | 2 3 4 5 6 |  6.9
Fighting       | 3 4 5 6 7 |  7.3
Shields        | 3 4 5 |  5.0
Evocations     | 1 3 4 5 |  5.6
Armour         | 3 4 5 |  5.8
Transmutations | 3 |  3.1

Action                     |  1- 3 |  4- 6 |  7- 9 || total
---------------------------+-------+-------+-------++-------
  Melee: War axe           |   110 |   174 |   346 ||   630
  Evoke: Wand              |       |       |     6 ||     6
    Use: Potion            |       |     1 |     9 ||    10
         Scroll            |       |     3 |    10 ||    13
   Stab: Paralysed         |       |       |    16 ||    16
         Distracted        |       |       |     1 ||     1
 Armour: Scale mail        |    56 |   106 |    42 ||   204
         Skin              |       |       |    22 ||    22
         Plate armour      |       |       |   141 ||   141
  Dodge: Dodged            |    45 |    86 |   100 ||   231
  Block: Buckler           |    30 |    51 |   107 ||   188

Table legend: (Time is in decaauts)
 A = Elapsed time spent in this place.
 B = Non-inter-level travel time spent in this place.
 C = Inter-level travel time spent in this place.
 D = Time resting spent in this place.
 E = Time spent auto-exploring this place.
 F = Levels seen in this place.
 G = Mean time per level.
                   A        B        C        D        E       F      G
               +--------+--------+--------+--------+--------+-----+--------+
         Total |   7830 |   7488 |    342 |   1521 |   4456 |  10 |  783.0 |
       Dungeon |   7596 |   7254 |    342 |   1366 |   4456 |   9 |  844.0 |
         Abyss |    233 |    233 |      0 |    155 |      0 |   1 |  233.0 |
               +--------+--------+--------+--------+--------+-----+--------+

Top non-repeatable levels by time:
     D:5: 1572 daAuts
     D:6: 1275 daAuts
     D:4: 1193 daAuts
     D:2: 880 daAuts
     D:1: 821 daAuts
     D:7: 798 daAuts
     D:3: 658 daAuts
     D:8: 376 daAuts
 Abyss:2: 233 daAuts
     D:9: 19 daAuts
